cohdb
Replays
Latest Replays
All Replays
Popular Replays
Top Player Replays
Match Explorer
How It Works
Community
CoH3 Stats
Reddit
Sign in to upload your games and track your stats! →
Sign in with Steam
Match 45959507
Unlisted
Match 45959507
Overview
Messages
Build Orders
End
Construct Section Command Post
Infantry Section
Infantry Section
Infantry Section
Vickers Machine Gun Team
Construct Field Infirmary
Construct Platoon Command Post
Infantry Training
6-pounder Anti-tank Gun Team
Construct Company Command Post
Crusader II Medium Tank
Vickers Machine Gun Team
Grenade Package
Unlock Bishop Self-propelled Artillery
DebaKLeTV
hellofr13nd
Swan
Disconnected
0
0
Comments
sign in to comment!
No comments posted yet!